 Dungeon Sprint DCSS version 0.26.1-2-gb8aa6d0cf2 (webtiles) character file.

Game seed: 10297486408225157897

0 sahdkjhfkaj the Skirmisher (level 1, -7/22 HPs)
             Began as a Troll Fighter on Feb 15, 2021.
             Was a Believer of Ashenzari.
             Shot with a bolt by a yaktaur captain (29 damage)
             ... in the Dungeon (Sprint VII: "The Pits").
             The game lasted 00:01:06 (174 turns).

sahdkjhfkaj the Skirmisher (Troll Fighter)           Turns: 174, Time: 00:01:07

Health: -7/22      AC:  6    Str: 23    XL:     1   Next: 8%
Magic:  0/0        EV:  8    Int:  4    God:    Ashenzari [**....]
Gold:   0          SH:  8    Dex:  9    Spells: 0/0 levels left

rFire    . . .     SeeInvis .     - Unarmed
rCold    . . .     Faith    .   b - +0 kite shield
rNeg     . . .     Spirit   .   a - +0 robe
rPois    .         Reflect  .   (helmet restricted)
rElec    .         Harm     .   (no cloak)
rCorr    .         Rampage  .   (gloves unavailable)
Will     .....     NoTele   +   (boots unavailable)
Stlth    +.........             (no amulet)
HPRegen  0.47/turn              (no ring)
MPRegen  0.07/turn              (no ring)

@: no status effects
A: large, unfitting armour, claws 3, regeneration 1, shaggy fur 1, tough skin 3
a: Renounce Religion, Curse Item, Scrying


You were in the Dungeon.
You worshipped Ashenzari.
Ashenzari was pleased with you.
You visited 1 branch

Inventory:

Armour
 a - a +0 robe (worn)
 b - a +0 kite shield (worn)
Scrolls
 i - a scroll of blinking
Potions
 c - a potion of might
 d - a potion of curing
 f - a potion of haste
 g - 2 potions of magic
 h - a potion of berserk rage


   Skills:
 + Level 2.5 Fighting
 + Level 2.5 Dodging
 + Level 2.5 Shields
 + Level 2.1 Unarmed Combat


You couldn't memorise any spells.
You didn't know any spells.
Your spell library was empty.

Dungeon Overview and Level Annotations

Branches:
Dungeon (1/1)

Altars:
Ashenzari
Cheibriados
Dithmenos
Elyvilon
Fedhas
Gozag
Hepliaklqana
Kikubaaqudgha
Makhleb
Nemelex Xobeh
Okawaru
Qazlal
Ru
Sif Muna
Trog
Uskayaw
Vehumet
Wu Jian
Xom
Yredelemnul
Zin
The Shining One
Beogh
Jiyva
Lugonu

Annotations:
D Lernaean hydra


Innate Abilities, Weirdness & Mutations

You are too large for most types of armour.
You have claws for hands.
Your natural rate of healing is unusually fast.
You are covered in fur. (AC +1)
You have extremely tough skin. (AC +3)


Message History

The vampire knight shouts!
The yaktaur captain shouts!
A pearl dragon comes into view.
A yaktaur comes into view.
The yaktaur wields a +0 arbalest.
The yaktaur shoots a bolt.
You block the bolt.
The yaktaur captain moves out of view.
The yaktaur shouts!
The pearl dragon roars deafeningly! 2 yaktaurs and a frost giant come into view.
The frost giant is wielding a +0 battleaxe of freezing.
The yaktaur shouts! x2
The yaktaur captain wields a +0 arbalest.
The yaktaur captain shoots a bolt.
The bolt hits you!
Ouch! That really hurt!
* * * LOW HITPOINT WARNING * * *
There is a huge open gate to the Vestibule (Extremely Hard), spattered with blood here.
You see here a bolt.
You feel much better.
The yaktaur shoots a bolt.
You block the bolt.
The 27-headed Lernaean hydra comes into view.
The yaktaur captain shoots a bolt.
The bolt hits you!!
Ouch! That really hurt!
You die... * * * ###........., , *##........... * , #............ , #..........C. * , #.cc......... , * cccVD.....D

, #...{..... , , ,
#@'#**** *
*#####'(##### * *
*#..........# ,, **
#..........# , ,
+..#....#..# ,
+..........# *
*#..........#
############..#....#..#
..........''..........#
,


You could see the 27-headed Lernaean hydra, a pearl dragon, a frost giant, a
yaktaur captain, a vampire knight and 4 yaktaurs.

Vanquished Creatures
  A frilled lizard (D)
1 creature vanquished.

Notes
Turn   | Place    | Note
-------+----------+-------------------------------------------
     0 | D        | sahdkjhfkaj the Troll Fighter began the quest for the Orb.
     0 | D        | Reached XP level 1. HP: 22/22 MP: 0/0
    25 | D        | Found a bloodstained altar of Trog.
    25 | D        | Found a shimmering blue altar of Sif Muna.
    25 | D        | Found a viscous altar of Jiyva.
    25 | D        | Found a hazy altar of Hepliaklqana.
    25 | D        | Found an opulent altar of Gozag.
    26 | D        | Found a glowing golden altar of the Shining One.
    26 | D        | Found a glowing silver altar of Zin.
    26 | D        | Found a basalt altar of Yredelemnul.
    26 | D        | Found a shimmering altar of Xom.
    26 | D        | Found an ornate altar of the Wu Jian Council.
    26 | D        | Found a sacrificial altar of Ru.
    26 | D        | Found a stormy altar of Qazlal.
    26 | D        | Found an iron altar of Okawaru.
    26 | D        | Found a sparkling altar of Nemelex Xobeh.
    26 | D        | Found a burning altar of Makhleb.
    26 | D        | Found a blossoming altar of Fedhas.
    26 | D        | Found a white marble altar of Elyvilon.
    26 | D        | Found a shadowy altar of Dithmenos.
    26 | D        | Found a snail-covered altar of Cheibriados.
    30 | D        | Found a roughly hewn altar of Beogh.
    30 | D        | Found a corrupted altar of Lugonu.
    30 | D        | Found a radiant altar of Vehumet.
    31 | D        | Found a broken altar of Ashenzari.
    31 | D        | Found an ancient bone altar of Kikubaaqudgha.
    31 | D        | Found a hide-covered altar of Uskayaw.
    39 | D        | Became a worshipper of Ashenzari the Shackled
    93 | D        | Reached * piety under Ashenzari
   123 | D        | Reached ** piety under Ashenzari
   171 | D        | Noticed a vampire knight
   171 | D        | Noticed a yaktaur captain
   171 | D        | Noticed a yaktaur
   171 | D        | Noticed a pearl dragon
   171 | D        | Noticed a yaktaur
   172 | D        | Noticed a frost giant
   172 | D        | Noticed a yaktaur
   172 | D        | Noticed a yaktaur
   174 | D        | Noticed the 27-headed Lernaean hydra
   174 | D        | Shot with a bolt by a yaktaur captain

Illustrated notes

Levels and vault maps discovered:
D:        pitsprint [storerooms_1, entrance_room_1, metal_vault_6, armoury_2,
          mini_pit_1, grid_room_1, main_hall_1, silver_pit, the_coven_1,
          the_vestibule_1, steel_vault_1, golden_pit, hallway_of_sentries,
          crystal_vault_1, iron_vault_3, final_vault]

Action                   || total
-------------------------++-------
Melee: Unarmed           ||     8
  Use: Potion            ||     1
Armor: Robe              ||     5
Dodge: Dodged            ||     1
Block: Kite shield       ||     3
